 Dungeon Crawl Stone Soup version 0.30-a0-364-gf6b3ef1049 (webtiles) character file.

Game seed: 2061385543732027004

348 oldriver the Magician (level 6, -23/42 HPs)
             Began as a Mummy Necromancer on Nov 14, 2022.
             Was a Follower of Hepliaklqana.
             Annihilated by an ogre
             ... wielding a +0 giant club
              (36 damage)
             ... on level 5 of the Dungeon.
             The game lasted 00:06:07 (4335 turns).

oldriver the Magician (Mummy Necromancer)           Turns: 4335, Time: 00:06:07

Health: -23/42     AC:  5    Str: 15    XL:     6   Next: 33%
Magic:  12/15      EV: 12    Int: 27    God:    Hepliaklqana [*.....]
Gold:   36         SH:  0    Dex: 12    Spells: 10/18 levels left

rFire   . . .      SeeInvis .    j - +10 trident of Derched {flame, rPois Will- Str+3 Int+5}
rCold   . . .      Faith    +    (no shield)
rNeg    + + +      Spirit   .    a - +0 robe
rPois   ∞          Reflect  .    k - +2 helmet
rElec   .          Harm     .    (no cloak)
rCorr   .          Rampage  .    (no gloves)
Will    .....                    (no boots)
Stlth   ++........               (no amulet)
HPRegen 0.27/turn                e - ring of fire
MPRegen 0.14/turn                f - +6 ring of intelligence

@: no status effects
A: reduced essence, cold resistance 1, negative energy resistance 3, torment
resistance 2, heat vulnerability 1, in touch with death 1, no potions, faith
a: Renounce Religion, Recall Ancestor, Ancestor Identity


You were on level 5 of the Dungeon.
You worshipped Hepliaklqana.
Hepliaklqana was aware of your devotion.
You visited 1 branch of the dungeon, and saw 5 of its levels.

You collected 265 gold pieces.
You spent 229 gold pieces at shops.

Inventory:

Hand Weapons
 j - the +10 trident of Derched (weapon) {flame, rPois Will- Str+3 Int+5}
   (You bought it in a shop on level 2 of the Dungeon)

   It burns those it strikes, dealing additional fire damage.
   Str:       It affects your strength (+3).
   Int:       It affects your intelligence (+5).
   rPois:     It protects you from poison.
   Will:      It decreases your willpower.
Armour
 a - a +0 robe (worn)
 g - the +1 leather armour of Awkaetia {+Blink rN+ Stlth-}
   (You found it on level 4 of the Dungeon)

   rN:        It protects you from negative energy.
   +Blink:    It lets you blink.
   Stlth:     It makes you less stealthy.
 k - a +2 helmet (worn)
Jewellery
 e - a ring of fire (left hand)
 f - a +6 ring of intelligence (right hand)
Scrolls
 b - 2 scrolls of teleportation
 c - a scroll of torment
 d - 2 scrolls of amnesia
 h - a scroll of identify
 i - a scroll of fear
 l - a scroll of silence {unknown}
 m - a scroll of butterflies {unknown}


   Skills:
 + Level 3.2 Fighting
 + Level 1.3 Polearms
 - Level 1.5 Dodging
 - Level 1.5 Stealth
 * Level 6.6 Spellcasting
 - Level 4.0 Necromancy


You had 10 spell levels left.
You knew the following spells:

 Your Spells              Type           Power      Damage    Failure   Level
a - Necrotise             Necr           100%       1d9       1%          1
b - Vampiric Draining     Necr           45%        2d9       3%          3
c - Animate Dead          Necr           45%        N/A       12%         4

Your spell library contained the following spells:

 Spells                   Type           Power      Damage    Failure   Level
 Magic Dart               Conj           32%        1d4       6%          1
 Shock                    Conj/Air       32%        1d5       6%          1
 Searing Ray              Conj           16%        2d5       10%         2
 Swiftness                Air            8%         N/A       19%         3
 Agony                    Necr           45%        N/A       32%         5
 Airstrike                Air            4%         2d(1-17)  52%         4
 Fulminant Prism          Conj/Hex       4%         3d5       52%         4
 Leda's Liquefaction      Hex/Erth       4%         N/A       52%         4
 Lee's Rapid Deconstruct  Erth           4%         3d5*      86%         5
 Statue Form              Tmut/Erth      Unusable   N/A       N/A         6

Dungeon Overview and Level Annotations

Branches:
Dungeon (5/15)
 Temple: D:4-7

Altars:
Ashenzari
Hepliaklqana

Shops:
D:2 (   D:4 *   D:5 [


Innate Abilities, Weirdness & Mutations

Your life essence is reduced to manifest your ancestor. (-10% HP)
You are immune to poison.
Your flesh is cold resistant. (rC+)
You are immune to negative energy. (rN+++)
You are immune to unholy pain and torment.
You are vulnerable to heat. (rF-)
You are in touch with the powers of death.
You do not drink.
You have a special connection with the divine. (Faith)


Message History

The ogre attacks as you move away! The ogre barely misses you.
The white imp attacks as you move away! The white imp barely misses you.
Septima hits the ogre.
You can't see any susceptible monsters within range! (Use Z to cast anyway.)
You closely miss the white imp.
The white imp is heavily wounded.
The white imp gestures at you. The puff of frost misses you.
The white imp barely misses you.
Reach: j) +10 trident of Derched {flame, rPois Will- Str+3 Int+5}
Press: ? - help, Dir - move target, f - ogre
Aim: an ogre, wielding a +0 giant club (about 20% to evade the +10 trident of Derched)
You reach to attack!
You hit the ogre but do no damage.
Septima hits the ogre.
The white imp gestures at you. The puff of frost hits you.
Reach: j) +10 trident of Derched {flame, rPois Will- Str+3 Int+5}
Press: ? - help, Dir - move target, f/p - ogre
Aim: an ogre, wielding a +0 giant club (moderately wounded, about 20% to evade the +10 trident of Derched)
The white imp is in the way.
You puncture the white imp! You burn the white imp.
You kill the white imp!
Septima hits the ogre. x2
Reach: j) +10 trident of Derched {flame, rPois Will- Str+3 Int+5}
Press: ? - help, Dir - move target, f/p - ogre
Aim: an ogre, wielding a +0 giant club (moderately wounded, ally target, about 20% to evade the +10 trident of Derched)
You hit the ogre. You burn the ogre.
The ogre is severely wounded.
The ogre hits you with a +0 giant club!!
Ouch! That really hurt!
* * * LOW HITPOINT WARNING * * *
Septima hits the ogre.
Casting: Necrotise (safe; 1% risk of failure)
Confirm with . or Enter, or press ? or * to list all spells.
Aiming: Vampiric Draining (dangerous; 3% risk of failure)
Press: ? - help, Shift-Dir - straight line, f/p - ogre
Aim: an ogre, wielding a +0 giant club (severely wounded, ally target)
You feel a surge of power!
You draw life force from the ogre!
You feel life coursing into your body.
The ogre hits you with a +0 giant club!!!
Ouch! That really hurt!
You die...

######## #......# ###......#
.........# .........#
.........####################
................@OO..........
.........##########R........#
########## #.R.......# #
#####.....# # ?...# #
########### ...# #
#.........# ..# # #.........#
.# # #.........# #


You could see the friendly Septima the ancestor and 2 ogres.

Vanquished Creatures
  A phantom (D:4)
  2 iguanas (D:5)
  An orc wizard (D:3)
  3 gnolls (D:5)
  7 adders
  A white imp (D:5)
  3 dart slugs
  6 orcs
  7 endoplasms
  2 giant cockroaches
  6 goblins
  7 hobgoblins
  8 jackals
  3 quokkas (D:1)
  6 ball pythons
  2 bats
  2 frilled lizards
  5 kobolds
  4 rats (D:3)
76 creatures vanquished.

Vanquished Creatures (collateral kills)
  A dart slug (D:2)
  A goblin (D:3)
  3 jackals
  A frilled lizard (D:2)
  2 kobolds (D:1)
  A rat (D:2)
9 creatures vanquished.

Vanquished Creatures (others)
  An ancestor (D:5)
1 creature vanquished.

Grand Total: 86 creatures vanquished

Notes
Turn   | Place    | Note
-------+----------+-------------------------------------------
     0 | D:1      | oldriver the Mummy Necromancer began the quest for the Orb.
     0 | D:1      | Reached XP level 1. HP: 13/13 MP: 4/4
   212 | D:1      | Reached skill level 3 in Spellcasting
   428 | D:1      | Reached XP level 2. HP: 20/20 MP: 4/6
   608 | D:1      | Reached skill level 1 in Fighting
  1171 | D:1      | Reached skill level 4 in Spellcasting
  1172 | D:1      | Gained mutation: You are in touch with the powers of death.
                  | [Mummy growth]
  1172 | D:1      | Reached XP level 3. HP: 17/26 MP: 0/8
  1584 | D:2      | Found Roycug's Antique Weapon Boutique.
  2081 | D:3      | Reached XP level 4. HP: 33/33 MP: 8/10
  2192 | D:3      | Found a broken altar of Ashenzari.
  2428 | D:3      | Reached skill level 5 in Spellcasting
  2486 | D:3      | Found a hazy altar of Hepliaklqana.
  2786 | D:3      | Reached XP level 5. HP: 39/39 MP: 10/13
  2872 | D:3      | Became a worshipper of Hepliaklqana the Forgotten
  3348 | D:4      | Reached * piety under Hepliaklqana
  3361 | D:4      | Identified the +1 scale mail of Beyond {Dex+4}
  3378 | D:4      | Noticed a phantom
  3463 | D:4      | Found Weniryi's Assorted Antiques.
  3510 | D:2      | Bought a translucent trident for 229 gold pieces
  3510 | D:2      | Identified the +10 trident of Derched {flame, rPois Will-
                  | Str+3 Int+5} (You bought it in a shop on level 2 of the
                  | Dungeon)
  3518 | D:2      | Learned a level 3 spell: Vampiric Draining
  3523 | D:2      | Learned a level 4 spell: Animate Dead
  3702 | D:4      | Identified the +1 leather armour of Awkaetia {+Blink rN+
                  | Stlth-}
  3840 | D:4      | Killed a phantom
  3841 | D:4      | Reached skill level 6 in Spellcasting
  3979 | D:5      | Entered Level 5 of the Dungeon
  4040 | D:5      | Found Ejetocs's Antique Armour Shoppe.
  4046 | D:5      | Reached skill level 1 in Polearms
  4049 | D:5      | Reached XP level 6. HP: 42/42 MP: 8/15
  4335 | D:5      | Annihilated by an ogre

Illustrated notes

Levels and vault maps discovered:
D:1:      lightli_arrival_statue_moat, layout_basic
D:2:      layout_rooms, serial_shops, shop, minmay_tetromino_o2
D:3:      layout_loops_cross, lemuel_doored_altar, jmf_multi_god_temple
D:4:      layout_loops_ring, mainiacjoe_overflow_alcove_1, serial_rivers,
          chequers_serial_rivers_small_b, chequers_serial_rivers_micro_c,
          chequers_serial_rivers_room_b, chequers_serial_rivers_micro_e,
          chequers_serial_rivers_micro_c, serial_shops, nicolae_shop_waterfront
D:5:      layout_basic, brannock_xom_greatest_gift,
          minmay_temple_entry_statues_pillars, serial_shops, shop_statue

Skill      XL: |  1  2  3  4  5 |
---------------+----------------+-----
Spellcasting   | 3 4 5 6 |  6.6
Fighting       | 1 2 3 |  3.2
Polearms       | 1 |  1.3
Dodging        | |  1.5
Stealth        | |  1.5
Necromancy     | |  4.0

Action                   |  1- 3 |  4- 6 || total
-------------------------+-------+-------++-------
Melee: Unarmed           |     7 |     2 ||     9
       Trident           |       |    17 ||    17
 Cast: Necrotise         |    80 |    62 ||   142
       Vampiric Draining |       |     1 ||     1
Invok: Recall Ancestor   |       |     2 ||     2
  Use: Scroll            |       |     6 ||     6
 Stab: Sleeping          |       |     3 ||     3
Armor: Robe              |    11 |     4 ||    15
Dodge: Dodged            |    24 |    25 ||    49

Table legend: (Time is in decaauts)
 A = Elapsed time spent in this place.
 B = Non-inter-level travel time spent in this place.
 C = Inter-level travel time spent in this place.
 D = Time resting spent in this place.
 E = Time spent auto-exploring this place.
 F = Levels seen in this place.
 G = Mean time per level.
                   A        B        C        D        E       F      G
               +--------+--------+--------+--------+--------+-----+--------+
         Total |   4347 |   4105 |    242 |    147 |   3288 |   5 |  869.4 |
       Dungeon |   4347 |   4105 |    242 |    147 |   3288 |   5 |  869.4 |
               +--------+--------+--------+--------+--------+-----+--------+

Top non-repeatable levels by time:
     D:1: 1398 daAuts
     D:3: 944 daAuts
     D:4: 907 daAuts
     D:2: 738 daAuts
     D:5: 358 daAuts
